 Dungeon Crawl Stone Soup version 0.30.1-11-g7821555f0a (webtiles) character file.

Game seed: 11746522943346749778

35 ChrisAssaf the Poker (level 3, -3/29 HPs)
             Began as a Human Chaos Knight on Nov 26, 2023.
             Was a Plaything of Xom.
             Slain by an ogre
             ... wielding a +0 giant spiked club
              (32 damage)
             ... on level 3 of the Dungeon.
             The game lasted 00:02:16 (330 turns).

ChrisAssaf the Poker (Human Chaos Knight)            Turns: 330, Time: 00:02:17

Health: -3/29      AC:  5    Str: 12    XL:     3   Next: 55%
Magic:  3/3        EV: 11    Int: 14    God:    Xom [..*...]
Gold:   8          SH:  0    Dex: 12    Spells: 2/2 levels left

rFire   . . .        a - +0 spear (chaos)
rCold   . . .        (no shield)
rNeg    . . .        b - +2 leather armour
rPois   .            (no helmet)
rElec   .            (no cloak)
rCorr   .            (no gloves)
SInv    .            (no boots)
Will    .....        (no amulet)
Stlth   +            (no ring)
HPRegen 0.24/turn    (no ring)
MPRegen 0.08/turn

%: no passive effects
@: no status effects
A: no striking features
a: Renounce Religion


You were on level 3 of the Dungeon.
You worshipped Xom.
You were a toy of Xom.
You visited 1 branch of the dungeon, and saw 3 of its levels.

You collected 8 gold pieces.

Inventory:

Hand Weapons
 a - a +0 spear of chaos (weapon)
Armour
 b - a +2 leather armour (worn)
Scrolls
 d - a scroll of vulnerability
Miscellaneous
 c - a piece from Xom's chessboard (10/15) (quivered)


   Skills:
 * Level 3.4 Fighting
 * Level 3.5 Polearms
 * Level 2.1 Armour
 * Level 1.1 Dodging
 * Level 0.7 Stealth
 * Level 0.3 Evocations


You had 2 spell levels left.
You didn't know any spells.
Your spell library contained the following spells:

 Spells                   Type           Power      Damage    Failure   Level
 Anguish                  Hex/Necr       0%         N/A       98%         4
 Cause Fear               Hex            0%         N/A       98%         4
 Enfeeble                 Hex            0%         N/A       100%        7


Dungeon Overview and Level Annotations

Branches:
Dungeon (3/15)

Altars:

Shops:
D:1 =   D:3 (

Annotations:
D:3 Ijyb, Jessica


Message History

The bat hits you but does no damage. The bat attacks as you move away!
The bat barely misses you. The bat hits you but does no damage.
You see here a dart slug corpse.
The endoplasm freezes you.
You are frozen.
You see here a dart slug corpse.
You hit the endoplasm but do no damage.
The endoplasm goes berserk!
Xom thinks this is hilarious!
The endoplasm hits you but does no damage. x2
You hit the endoplasm but do no damage.
The endoplasm hits you but does no damage.
You barely miss the endoplasm. The endoplasm closely misses you.
You hit the endoplasm but do no damage.
The endoplasm suddenly seems more resistant.
The endoplasm closely misses you. The endoplasm hits you.
You hit the endoplasm.
The endoplasm is heavily wounded.
The endoplasm closely misses you.
You hit the endoplasm.
Space warps horribly around the endoplasm!
You kill the endoplasm!
The bat hits you but does no damage. The bat barely misses you.
You hit the bat.
You kill the bat! "Go forth and cause havoc, mortal!"
You feel much better.
You make a move on Xom's chessboard...
The ogre flickers and vanishes!
Deactivating autopickup; reactivate with Ctrl-A.
Unknown command.
You hear the slow rusting of a drain nearby.
A kobold comes into view. It is wielding a +0 short sword.
Found a stone staircase leading down.
The kobold shouts!
You hear a shout!
Ijyb the Twisted Goblin comes into view.
She is wielding a +0 dagger, wearing a +3 leather armour of willpower and carrying a wand of mindburst (14).
A worm comes into view.
Something hits you!!
Ouch! That really hurt!
You die...
Xom giggles madly!

## #.# #. # #. .. .>. .#.##
...w..## #.# ....
.#.....##...# #..
..#......PPP. ##.###g..
....PPP..
##..#....K#####.....PP.
.........@.@.....P.P.⌠..P
.....!#...###...#P.~⌠⌠~.P
#.............#.......PP
#...###.####.#.#.$#..#. #
#.≈≈≈≈≈≈≈# ##.##..#
##.#.#......∩≈#######..#####
......)≈≈≈≈≈≈≈#............#
#.......................#
#............#####.###.....


You could see Ijyb, a worm, Jessica and a kobold.

Vanquished Creatures
  2 adders (D:2)
  A dart slug (D:3)
  An endoplasm (D:3)
  A goblin (D:1)
  A hobgoblin (D:1)
  2 kobolds (D:1)
  A quokka (D:2)
  3 ball pythons
  2 bats
  A frilled lizard (D:1)
  A rat (D:2)
16 creatures vanquished.

Notes
Turn   | Place    | Note
-------+----------+-------------------------------------------
     0 | D:1      | ChrisAssaf the Human Chaos Knight began the quest for the
                  | Orb.
     0 | D:1      | Reached XP level 1. HP: 18/18 MP: 1/1
     3 | D:1      | Noticed an electric eel
     4 | D:1      | Noticed an electric eel
    78 | D:1      | Found Doifamoi's Jewellery Shoppe.
   121 | D:1      | XOM: divination: detect items
   143 | D:1      | Reached XP level 2. HP: 24/24 MP: 2/2
   206 | D:2      | XOM: noise
   238 | D:2      | Reached XP level 3. HP: 27/29 MP: 3/3
   278 | D:3      | Found Lisofealuod's Weapon Emporium.
   278 | D:3      | Noticed Jessica
   282 | D:3      | Noticed an ogre
   317 | D:3      | XOM: potion effect (heal wounds)
   327 | D:3      | Noticed Ijyb
   330 | D:3      | Slain by an ogre

Illustrated notes

Levels and vault maps discovered:
D:1:      arrival_aquarium_b, layout_basic, serial_shops,
          nicolae_shop_tiny_glass, minmay_tripent
D:2:      layout_loops_ring, uniq_sigmund
D:3:      layout_loops_ring, serial_shops, nicolae_shop_peninsula,
          cheibrodos_sewer_entry_drain,
          shapermc_ecumenical_altar_mp_ritualfount, pf_guarded_unrand_delatra,
          uniq_jessica, uniq_ijyb

Action                     || total
---------------------------++-------
  Melee: Spear             ||    54
  Evoke: Piece from Xom's  ||     5
    Use: Scroll            ||     4
 Armour: Leather armour    ||    34
  Dodge: Dodged            ||    27
